 Dungeon Crawl Stone Soup version 0.27-a0-1177-g245c70e1c0 (webtiles) character file.

Game seed: 11046562528127584295

135 polve the Cutter (level 4, 0/35 HPs)
             Began as a Demonspawn Abyssal Knight on May 16, 2021.
             Was a Believer of Lugonu.
             Succumbed to a scorpion's poison
             ... on level 4 of the Dungeon.
             The game lasted 00:02:37 (3204 turns).

polve the Cutter (Demonspawn Abyssal Knight)        Turns: 3204, Time: 00:02:38

Health: 0/35       AC:  9    Str: 13    XL:     4   Next: 97%
Magic:  5/5        EV:  6    Int: 13    God:    Lugonu [**....]
Gold:   135        SH:  0    Dex: 13    Spells: 3/3 levels left

rFire    . . .     SeeInvis .   a - +1 short sword
rCold    . . .     Faith    .   (no shield)
rNeg     . . .     Spirit   .   g - +0 chain mail
rPois    .         Reflect  .   (no helmet)
rElec    .         Harm     .   (no cloak)
rCorr    .         Rampage  .   (no gloves)
Will     .....                  (no boots)
Stlth    ..........             (no amulet)
HPRegen  0.11/turn              e - ring of flight
MPRegen  0.09/turn              (no ring)

@: lethally poisoned (0 -> -7), flying
A: talons 2, demonic magic 1
a: Renounce Religion, Depart the Abyss, Bend Space


You were on level 4 of the Dungeon.
You worshipped Lugonu.
Lugonu was pleased with you.
You visited 1 branch of the dungeon, and saw 4 of its levels.
You visited the Abyss 1 time.

You collected 135 gold pieces.

Inventory:

Hand Weapons
 a - a +1 short sword (weapon)
Armour
 c - a +0 leather armour of cold resistance
 g - a +0 chain mail (worn)
Jewellery
 e - a ring of flight (left hand)
Scrolls
 d - 3 scrolls of identify {unknown}
 h - a scroll of enchant weapon {unknown}
 i - a scroll of teleportation {unknown}
Potions
 b - a potion of degeneration {unknown}
 f - a potion of curing {unknown}
 j - a potion of magic {unknown}


   Skills:
 - Level 3.0 Fighting
 - Level 4.0 Short Blades
 + Level 3.1 Armour
 - Level 0.8 Dodging
 - Level 2.4 Invocations


You had 3 spell levels left.
You didn't know any spells.
Your spell library contained the following spells:

 Spells                   Type           Power      Damage    Failure   Level
 Corona                   Hex            0%         N/A       100%        1
 Ensorcelled Hibernation  Hex/Ice        0%         N/A       100%        2
 Confusing Touch          Hex            0%         N/A       100%        3
 Dazzling Flash           Conj/Hex       0%         N/A       100%        3
 Tukima's Dance           Hex            0%         N/A       100%        3
 Summon Lightning Spire   Summ/Air       0%         N/A       100%        4
 Silence                  Hex/Air        0%         N/A       100%        5
 Conjure Ball Lightning   Conj/Air       0%         3x3d6     100%        6
 Tornado                  Air            0%         N/A       100%        9


Dungeon Overview and Level Annotations

Branches:
Dungeon (4/15)
 Temple: D:4-7

Altars:


Innate Abilities, Weirdness & Mutations

You have razor-sharp toenails.
Spells you cast may paralyse adjacent enemies.


Message History

You miss the quokka. You claw the quokka.
The quokka is heavily wounded.
The quokka bites you but does no damage.
You hit the quokka but do no damage.
The quokka is heavily wounded.
The quokka bites you but does no damage.
You completely miss the quokka.
The quokka is heavily wounded.
The quokka barely misses you. The quokka bites you.
You barely miss the quokka. You claw the quokka.
You kill the quokka!
Lugonu accepts your kill.
You closely miss the hobgoblin. The hobgoblin barely misses you.
Your chain mail prevents you from hitting the hobgoblin.
Your kick misses the hobgoblin.
The hobgoblin hits you but does no damage.
You hit the hobgoblin but do no damage. You claw the hobgoblin.
The hobgoblin is severely wounded.
The hobgoblin hits you but does no damage.
You closely miss the hobgoblin.
The hobgoblin is severely wounded.
The hobgoblin barely misses you.
You hit the hobgoblin.
You kill the hobgoblin!
Lugonu accepts your kill.
You barely miss the scorpion.
The scorpion stings you but does no damage.
You completely miss the scorpion. The scorpion stings you.
You are poisoned.
The scorpion poisons you!
Your chain mail prevents you from hitting the scorpion.
You feel very sick. The scorpion stings you!
* * * LOW HITPOINT WARNING * * *
You hit the scorpion but do no damage.
* * * LOW HITPOINT WARNING * * *
You feel sick. The scorpion barely misses you. x2
You hit the scorpion but do no damage. You claw the scorpion.
The scorpion is lightly wounded.
You die...

...#### ......#
......# ......#
......# ......#
......# #######
Kh..s<######...s@#
.............#$###
........##..<..#
.................#
..................#
...........>.......#
..(..(..........?..#
.......?...........#
..................#


You could see a scorpion.

Vanquished Creatures
  5 adders
  A dart slug (D:2)
  A worm (D:3)
  3 orcs (D:3)
  4 endoplasms
  6 giant cockroaches
  4 goblins
  7 hobgoblins
  14 jackals
  6 quokkas
  3 ball pythons
  3 bats
  2 frilled lizards
  6 kobolds
  8 rats
73 creatures vanquished.

Notes
Turn   | Place    | Note
-------+----------+-------------------------------------------
     0 | Abyss:1  | polve the Demonspawn Abyssal Knight began the quest for the
                  | Orb.
     0 | Abyss:1  | Reached XP level 1. HP: 18/18 MP: 2/2
    60 | Abyss:1  | Noticed a large abomination
    61 | D:1      | Escaped the Abyss
   295 | D:1      | Reached skill level 2 in Short Blades
   447 | D:1      | Gained mutation: You have sharp toenails. [demonic
                  | ancestry]
   447 | D:1      | Reached XP level 2. HP: 24/24 MP: 3/3
   569 | D:1      | Reached * piety under Lugonu
   711 | D:1      | Reached skill level 3 in Short Blades
   979 | D:1      | Gained mutation: Spells you cast may paralyse adjacent
                  | enemies. [demonic ancestry]
   979 | D:1      | Reached XP level 3. HP: 29/29 MP: 4/4
  1779 | D:2      | Found a faded altar of an unknown god.
  2072 | D:3      | Gained mutation: You have razor-sharp toenails. [demonic
                  | ancestry]
  2072 | D:3      | Reached XP level 4. HP: 18/35 MP: 5/5
  2073 | D:3      | Reached skill level 4 in Short Blades
  2438 | D:3      | Reached ** piety under Lugonu
  3095 | D:4      | Noticed a scorpion
  3204 | D:4      | Succumbed to a scorpion's poison

Illustrated notes

Levels and vault maps discovered:
D:1:      amcnicky_arrival_blooded_trapdoor, layout_basic, st_stairs_3
D:2:      layout_basic, hellmonk_ecumenical_altar_zigzags,
          grunt_decor_one_mirror
D:3:      layout_basic
D:4:      layout_rooms, portal_sewer_entry_f, grunt_decor_junction,
          chequers_serial_rivers_micro_b

Skill      XL: |  1  2  3  4 |
---------------+-------------+-----
Short Blades   | 2 3 4 |  4.0
Armour         | 3 |  3.1
Fighting       | |  3.0
Dodging        | |  0.8
Invocations    | |  2.4

Action                   |  1- 3 |  4- 6 || total
-------------------------+-------+-------++-------
Melee: Short sword       |   134 |    76 ||   210
       Kick              |    22 |    18 ||    40
Invok: Depart the Abyss  |     1 |       ||     1
 Stab: Sleeping          |     2 |       ||     2
Armor: Leather armour    |    16 |       ||    16
       Chain mail        |    39 |    38 ||    77
Dodge: Dodged            |    45 |    19 ||    64

Table legend: (Time is in decaauts)
 A = Elapsed time spent in this place.
 B = Non-inter-level travel time spent in this place.
 C = Inter-level travel time spent in this place.
 D = Time resting spent in this place.
 E = Time spent auto-exploring this place.
 F = Levels seen in this place.
 G = Mean time per level.
                   A        B        C        D        E       F      G
               +--------+--------+--------+--------+--------+-----+--------+
         Total |   3188 |   2995 |    193 |      0 |   2582 |   5 |  637.6 |
       Dungeon |   3127 |   2934 |    193 |      0 |   2522 |   4 |  781.8 |
         Abyss |     61 |     61 |      0 |      0 |     60 |   1 |   61.0 |
               +--------+--------+--------+--------+--------+-----+--------+

Top non-repeatable levels by time:
     D:1: 1356 daAuts
     D:3: 1092 daAuts
     D:2: 636 daAuts
 Abyss:1: 61 daAuts
     D:4: 42 daAuts
